 Dungeon Crawl Stone Soup version 0.30.0-13-g156ef70053 (webtiles) character file.

Game seed: 14910829569230340338

7591 jasper the Cleaver (level 11, -1/97 HPs)
             Began as a Meteoran Berserker on May 17, 2023.
             Was an Elder of Trog.
             Killed by vampiric draining
             ... invoked by a vampire
              (8 damage)
             ... on level 10 of the Dungeon.
             The game lasted 00:12:27 (3972 turns).

jasper the Cleaver (Meteoran Berserker)             Turns: 3972, Time: 00:12:28

Health: -1/97      AC: 21    Str: 23    XL:     11   Next: 66%
Magic:  12/12      EV: 10    Int: 12    God:    Trog [****..]
Gold:   699        SH:  0    Dex: 14    Spells: 10/10 levels left

rFire   + + .        N - +1 battleaxe
rCold   . . .        (shield currently unavailable)
rNeg    . . .        S - +4 plate armour {rF+}
rPois   +            J - +2 hat {Int+3}
rElec   .            G - +0 cloak
rCorr   .            (no gloves)
SInv    .            (no boots)
Will    +....        (no amulet) Stlth
                     c - ring of protection from fire
HPRegen 0.36/turn    w - ring of poison resistance
MPRegen 0.13/turn

%: no passive effects
@: glowing
A: sense surroundings 2, otherworldly, glowing, explore regen
a: Renounce Religion, Berserk, Trog's Hand, Brothers in Arms


You were on level 10 of the Dungeon.
You worshipped Trog.
Trog was greatly pleased with you.
You visited 1 branch of the dungeon, and saw 10 of its levels.
You also visited: Bailey.

You collected 768 gold pieces.
You spent 69 gold pieces at shops.

Inventory:

Hand Weapons
 a - a +0 hand axe
 i - a +0 whip of electrocution
 B - a +5 vampiric dire flail
 D - a +1 whip of distortion
 F - a +0 war axe
 N - a +1 battleaxe (weapon)
Missiles
 l - 32 poisoned darts (quivered)
 C - 2 throwing nets
 O - 14 boomerangs
Armour
 b - a +0 animal skin
 f - a +0 ring mail
 g - a +0 plate armour
 j - a scarf of invisibility
 G - a +0 cloak (worn)
 J - a +2 hat of intelligence (worn)
 P - the +1 plate armour of Virtue {Rampage rElec}
   (You took it off a kobold in a bailey)

   rElec:     It insulates you from electricity.
   Rampage:   It bestows one free step when moving towards enemies.
 S - a +4 plate armour of fire resistance (worn)
Jewellery
 c - a ring of protection from fire (left hand)
 e - a ring of resist corrosion
 q - a ring of ice
 w - a ring of poison resistance (right hand)
 Q - a ring of flight
Wands
 o - a wand of roots (10)
Scrolls
 d - 3 scrolls of teleportation
 h - 2 scrolls of fear
 y - a scroll of identify
 A - 2 scrolls of noise
 H - a scroll of silence
 I - 3 scrolls of blinking
 L - 2 scrolls of fog
 M - a scroll of poison
Potions
 k - 2 potions of heal wounds
 m - 2 potions of might
 n - 3 potions of berserk rage
 p - 3 potions of attraction {unknown}
 r - 2 potions of haste
 s - 2 potions of degeneration {unknown}
 t - a potion of cancellation {unknown}
 u - 4 potions of curing {unknown}
 v - a potion of mutation {unknown}
 x - 2 potions of resistance {unknown}
 z - a potion of magic {unknown}
 E - a potion of ambrosia {unknown}
 K - a potion of brilliance {unknown}
 R - 4 potions of flight


   Skills:
 + Level 9.0 Fighting
 * Level 13.2 Axes
 + Level 9.4 Armour
 + Level 9.4 Dodging


You had 10 spell levels left.
You didn't know any spells.
Your spell library was empty.

Dungeon Overview and Level Annotations

Branches:
Dungeon (10/15) Zot: 2220  Bailey (visited)
 Temple: D:4-7         Lair: D:8-11         Orc: D:9-12

Altars:
Ashenzari
Sif Muna
Trog
Uskayaw
Xom

Shops:
D:2 *

Annotations:
D:4 exclusion: door


Innate Abilities, Weirdness & Mutations

You passively map the area around you.
You are easily found by Zot.
You glow in the dark.
You regain HP and MP as you explore.


Message History

Something bites you.
Something draws strength from your injuries!
You barely miss something. Something hits you but does no damage.
Something bites you.
Something draws strength from your injuries!
Something hits you. Something bites you!
Something draws strength from your injuries!
You barely miss something. Something hits you but does no damage.
Something bites you but does no damage.
You take 31 damage, and have 50/97 hp.
MASSIVE DAMAGE!!
You hit something. Something hits you. Something bites you but does no damage.
You take 3 damage, and have 47/97 hp.
You miss something. Something hits you but does no damage. Something bites you!
Something draws strength from your injuries!
You take 7 damage, and have 40/97 hp.
You slash something! Something hits you but does no damage.
Something bites you.
Something draws strength from your injuries!
You take 4 damage, and have 36/97 hp.
You miss something. Something hits you but does no damage.
Something bites you but does no damage.
You closely miss something. Something draws life force from you!
You miss something. Something hits you but does no damage. Something bites you.
* * * LOW HITPOINT WARNING * * *
Something draws strength from your injuries!
You hit something but do no damage. Something draws life force from you!
* * * LOW HITPOINT WARNING * * *
You barely miss something. Something hits you but does no damage.
Something bites you!
* * * LOW HITPOINT WARNING * * *
Something draws strength from your injuries!
You hit something. Something hits you but does no damage.
Something bites you but does no damage.
You hit something but do no damage. Something hits you but does no damage.
Something bites you but does no damage.
You slash something! Something hits you!
* * * LOW HITPOINT WARNING * * *
Something bites you but does no damage.
You miss something. Something draws life force from you!
You die...

, , ##...Y...... , ,,
,, ..........# , , * ,
* **#...V....# * + *
##.# * #./# , ##.## *
#..# , #{## , , *
###@##### # ,,
#.......# #### ,
#.......# ##... *
#.......# #..## ,
*#.....))# ##.## ,*, ,
........).#######..#
**###...............##
* #.$.....######### *
#####.###


There were no monsters in sight!

Vanquished Creatures
  Gastronok (D:8)
  A troll (D:9)
  A shadow (D:10)
  3 vampire mosquitoes (D:9)
  4 yaks (D:10)
  A wraith (D:10)
  Eustachio (D:5)
  Grum (D:9)
  4 steam dragons
  Edmund (D:4)
  2 water moccasins
  4 sky beasts (D:7)
  2 black bears
  10 orc warriors
  2 ogres
  3 wolves (D:9)
  2 phantoms
  4 kobold brigands
  A bullfrog (D:9)
  A gnoll sergeant (D:8)
  A scorpion (D:7)
  11 wights
  2 howler monkeys
  2 hounds
  A jelly (D:5)
  5 orc priests
  2 gnoll boudas
  A sleepcap (D:6)
  2 iguanas
  Natasha (twice) (D:4)
  5 orc wizards
  17 gnolls
  4 adders
  A shadow imp (D:7)
  2 white imps
  2 worms (D:2)
  4 dart slugs
  18 orcs
  An endoplasm (D:2)
  2 giant cockroaches
  7 goblins
  7 hobgoblins
  3 jackals (D:1)
  32 kobolds
  6 quokkas
  8 ball pythons
  5 bats
  3 frilled lizards
  4 rats
209 creatures vanquished.

Notes
Turn   | Place    | Note
-------+----------+-------------------------------------------
     0 | D:1      | jasper the Meteoran Berserker began the quest for the Orb.
     0 | D:1      | Reached XP level 1. HP: 19/19 MP: 2/2
   158 | D:1      | Reached XP level 2. HP: 14/26 MP: 3/3
   209 | D:1      | Reached skill level 4 in Axes
   239 | D:1      | Reached XP level 3. HP: 31/31 MP: 4/4
   401 | D:2      | Reached ** piety under Trog
   447 | D:2      | Reached XP level 4. HP: 8/40 MP: 5/5
   705 | D:2      | Found Gedull's Assorted Antiques.
   713 | D:2      | Bought a fuming white potion for 23 gold pieces
   713 | D:2      | Bought a brown potion for 23 gold pieces
   713 | D:2      | Bought a coppery potion for 23 gold pieces
   933 | D:3      | Found a faded altar of an unknown god.
   988 | D:3      | Found a hide-covered altar of Uskayaw.
   988 | D:3      | Noticed a +0 dagger
   989 | D:3      | Noticed a +0 hand axe
  1123 | D:3      | Reached XP level 5. HP: 46/46 MP: 6/6
  1184 | D:4      | Noticed a black bear
  1184 | D:4      | Noticed an ogre
  1202 | D:4      | Reached skill level 5 in Axes
  1221 | D:4      | Reached XP level 6. HP: 52/52 MP: 7/7
  1222 | D:4      | Killed a black bear
  1226 | D:4      | Killed an ogre
  1227 | D:4      | Reached skill level 6 in Axes
  1227 | D:4      | Reached XP level 7. HP: 34/60 MP: 8/8
  1248 | D:4      | Noticed Natasha
  1283 | D:4      | Killed Natasha
  1299 | D:4      | Found a shimmering blue altar of Sif Muna.
  1413 | D:4      | Noticed Edmund
  1425 | D:4      | Killed Edmund
  1426 | D:4      | Reached skill level 5 in Fighting
  1468 | D:4      | Noticed Natasha
  1473 | D:4      | Killed Natasha
  1474 | D:4      | Reached XP level 8. HP: 68/68 MP: 9/9
  1500 | D:4      | Reached skill level 7 in Axes
  1512 | D:5      | Entered Level 5 of the Dungeon
  1518 | D:5      | Reached *** piety under Trog
  1530 | D:5      | Reached skill level 5 in Armour
  1530 | D:5      | Reached skill level 5 in Dodging
  1934 | D:5      | Noticed Eustachio
  1940 | D:5      | Killed Eustachio
  1941 | D:5      | Reached skill level 8 in Axes
  1941 | D:5      | Found a shimmering altar of Xom.
  1943 | D:5      | Found a bloodstained altar of Trog.
  1998 | D:6      | Gained mutation: You passively map the area around you.
                  | [Meteoran growth]
  1998 | D:6      | Reached XP level 9. HP: 75/75 MP: 10/10
  2192 | D:6      | Reached skill level 9 in Axes
  2455 | D:7      | Reached skill level 10 in Axes
  2455 | D:7      | Reached XP level 10. HP: 84/84 MP: 11/11
  2562 | D:7      | Reached **** piety under Trog
  2682 | D:7      | Found a broken altar of Ashenzari.
  2807 | D:8      | Noticed Gastronok
  2829 | D:8      | Killed Gastronok
  2830 | D:8      | Reached skill level 11 in Axes
  3173 | D:9      | Reached XP level 11. HP: 63/90 MP: 12/12
  3184 | D:9      | Reached skill level 12 in Axes
  3385 | D:9      | Noticed Grum
  3408 | D:9      | Killed Grum
  3505 | D:9      | Found a flagged portal.
  3550 | Bailey   | Entered a bailey
  3613 | Bailey   | Identified the +1 plate armour of Virtue {Rampage rElec}
  3836 | D:10     | Entered Level 10 of the Dungeon
  3910 | D:10     | Reached skill level 13 in Axes
  3972 | D:10     | Killed from afar by a vampire

Illustrated notes

Levels and vault maps discovered:
D:1:      moated_graveyard_arrival, layout_basic
D:2:      layout_rooms, serial_shops, shop
D:3:      layout_loops_ring, dancing_weapons_uskayaw,
          mainiacjoe_overflow_six_doors_small, basic_ecumenical_altar,
          chequers_serial_rivers_micro_d
D:4:      nicolae_cairo_tiling_large_dashed, layout_basic, led_sif_book,
          uniq_edmund, uniq_natasha
D:5:      layout_basic, minitemple, uniq_eustachio
D:6:      layout_basic, minmay_temple_entry_enclosed_plants, minivault_5,
          uniq_sigmund, uniq_maggie
D:7:      layout_loops_ring, mainiacjoe_overflow_small_starburst,
          hangedman_misty_isle
D:8:      layout_cave_pools, grunt_ministairs_7, minivault_1, uniq_gastronok
D:9:      layout_irregular_city, enter_bailey_6, uniq_grum, uniq_pikel
D:10:     layout_roguey, orc_0_dummy

Skill      XL: |  1  2  3  4  5  6  7  8  9 10 11 |
---------------+----------------------------------+-----
Axes           | 4 5 6 8 10 11 13 | 13.2
Armour         | 3 4 5 7 8 9 |  9.4
Dodging        | 3 4 5 7 8 9 |  9.4
Fighting       | 4 5 6 8 9 |  9.0

Action                     |  1- 3 |  4- 6 |  7- 9 | 10-12 || total
---------------------------+-------+-------+-------+-------++-------
  Melee: Hand axe          |    92 |   110 |    59 |       ||   261
         Punch             |     1 |       |       |       ||     1
         Dire flail        |       |       |   148 |   233 ||   381
         Battleaxe         |       |       |       |   149 ||   149
  Throw: Dart              |       |       |     4 |       ||     4
 Invoke: Berserk           |       |     1 |     3 |     4 ||     8
         Trog's Hand       |       |     1 |     1 |     2 ||     4
    Use: Scroll            |       |       |     9 |     4 ||    13
 Armour: Animal skin       |     6 |       |       |       ||     6
         Ring mail         |    40 |    85 |    19 |       ||   144
         Plate armour      |       |       |    84 |   255 ||   339
  Dodge: Dodged            |    57 |    97 |    80 |   153 ||   387
